 Dungeon Crawl Stone Soup version 0.25-a0-804-g50c693f418 (webtiles) character file.

Game seed: 1259588156628278867, levelgen mode: deterministic

6701 tilp the Quickloader (level 11, -6/64 HPs)
             Began as a Kobold Arcane Marksman on Apr 19, 2020.
             Was an Elder of Okawaru.
             Mangled by a crocodile (7 damage)
             ... while petrified by a basilisk
             ... on level 10 of the Dungeon.
             The game lasted 00:33:27 (13627 turns).

tilp the Quickloader (Kobold Arcane Marksman)      Turns: 13627, Time: 00:33:27

Health: -6/64      AC:  8    Str:  9      XL:     11   Next: 23%
Magic:  15/17      EV:  3    Int: 16      God:    Okawaru [****..]
Gold:   743        SH:  0    Dex: 14 (16) Spells: 8/18 levels left

rFire    + . .     SeeInvis .   b - +2 war axe (elec)
rCold    . . .     Gourm    .   (shield restricted)
rNeg     + + +     Faith    .   D - +0 steam dragon scales
rPois    ∞         Spirit   .   (no helmet)
rElec    .         Reflect  .   l - +2 cloak
rCorr    .         Harm     .   (no gloves)
MR       .....                  (no boots)
Stlth    +++.......             G - amulet of rage
HPRegen  0.20/turn              j - ring of protection from fire
MPRegen  0.15/turn              m - ring of positive energy

@: petrified
A: small, carnivore
a: Heroism, Renounce Religion, Evoke Berserk Rage


You were on level 10 of the Dungeon.
You worshipped Okawaru.
Okawaru was greatly pleased with you.
You were completely stuffed.

You visited 1 branch of the dungeon, and saw 10 of its levels.

You collected 743 gold pieces.

Inventory:

Hand Weapons
 a - a +0 hand crossbow
 b - a +2 war axe of electrocution (weapon)
 C - a +2 scimitar of flaming
Missiles
 d - 96 bolts
 e - 2 curare-tipped darts
 i - 36 poisoned darts (quivered)
 n - 6 silver boomerangs
 s - 167 arrows
 u - a throwing net
 y - 12 boomerangs
 E - 2 datura-tipped darts
Armour
 k - a scarf of cloud immunity
 l - a +2 cloak (worn)
 w - a +0 troll leather armour
 D - +0 steam dragon scales (worn)
Jewellery
 j - a ring of protection from fire (left hand)
 m - a ring of positive energy (right hand)
 G - an amulet of rage (around neck)
Wands
 F - a wand of disintegration (17)
 H - a wand of paralysis (9)
 L - a wand of random effects (10)
Scrolls
 g - 5 scrolls of teleportation
 h - a scroll of enchant weapon {unknown}
 o - a scroll of blinking
 r - a scroll of magic mapping
 v - 3 scrolls of remove curse
 z - a scroll of fear {unknown}
 M - a scroll of brand weapon {unknown}
Potions
 f - 3 potions of ambrosia
 q - 2 potions of lignification
 t - a potion of resistance
 x - 2 potions of curing
 A - a potion of brilliance
 B - a potion of berserk rage
 J - a potion of might
 K - a potion of stabbing
Comestibles
 c - 19 rations


   Skills:
 + Level 6.2 Fighting
 - Level 10.0 Crossbows
 + Level 6.5 Dodging
 - Level 4.1 Stealth
 - Level 4.1 Spellcasting
 - Level 8.0 Hexes
 - Level 8.0 Invocations
 - Level 4.0 Evocations


You had 8 spell levels left.
You knew the following spells:

 Your Spells              Type           Power        Failure   Level  Hunger
a - Corona                Hex            ####...      1%          1    None
b - Slow                  Hex            ####....     1%          2    ##.....
c - Portal Projectile     Hex/Tloc       ###...       10%         3    ###....
d - Cause Fear            Hex            ####......   6%          4    ####...

Your spell library contained the following spells:

 Spells                   Type           Power        Failure   Level  Hunger
 Inner Flame              Hex/Fire       ###.....     10%         3    ###....
 Summon Guardian Golem    Hex/Summ       ###.....     10%         3    ###....
 Beastly Appendage        Tmut           #.....       17%         1    None
 Infusion                 Chrm           #...         17%         1    None
 Magic Dart               Conj           #...         17%         1    None
 Summon Small Mammal      Summ           #...         17%         1    None
 Blink                    Tloc           N/A          26%         2    ##.....
 Call Imp                 Summ           #.......     26%         2    ##.....
 Sticks to Snakes         Tmut           #.......     26%         2    ##.....
 Leda's Liquefaction      Hex/Erth       ###.......   32%         4    ####...
 Call Canine Familiar     Summ           #.......     45%         3    ###....
 Conjure Flame            Conj/Fire      #.......     45%         3    ###....
 Mephitic Cloud           Conj/Pois/Air  #.......     45%         3    ###....
 Spider Form              Tmut/Pois      #.........   45%         3    ###....
 Ice Form                 Ice/Tmut       #.......     86%         4    ####...
 Summon Ice Beast         Ice/Summ       #.......     86%         4    ####...
 Summon Lightning Spire   Summ/Air       #.......     86%         4    ####...
 Blade Hands              Tmut           #.........   99%         5    ######.


Dungeon Overview and Level Annotations

Branches:
Dungeon (10/15)            Temple (0/1) D:7            Lair (0/6) D:9
    Orc (0/2) D:9

Altars:
Ashenzari
Cheibriados
Elyvilon
Gozag
Hepliaklqana
Okawaru
Qazlal
Sif Muna
Uskayaw
Wu Jian
Zin

Shops:
D:9 ?

Annotations:
D:4 3 runed translucent doors, Topotin's ghost, amateur GrFi
D:6 Edmund; Sigmund


Innate Abilities, Weirdness & Mutations

You are small and have problems with some larger weapons.
You are carnivorous and can eat meat at any time.


Message History

The crocodile barely misses you.
All of the chunks of flesh in your inventory have rotted away.
The basilisk bites you but does no damage.
The crocodile bites you.
* * * LOW HITPOINT WARNING * * *
The basilisk bites you but does no damage.
The crocodile bites you but does no damage.
The basilisk bites you!
* * * LOW HITPOINT WARNING * * *
The crocodile bites you but does no damage.
The basilisk bites you.
* * * LOW HITPOINT WARNING * * *
The crocodile bites you!
* * * LOW HITPOINT WARNING * * *
The basilisk bites you!
* * * LOW HITPOINT WARNING * * *
The crocodile bites you. The basilisk gazes at you.
You resist with some effort. The crocodile bites you!
You die...

####+# ######+### .#.....
#........# # ..?...l###
#........# # ....(llt@#
#........# #
#.....l#l###........# ####
#......#..##........#
)..######......##.##...[....#
##.....<+...... #..'........#
#########...... ####........#
# ####### ###'###### #
#.##### #.÷...#


You could see a basilisk, a crocodile, an iguana, a leopard gecko and 2 frilled
lizards.

Vanquished Creatures
  Maggie (D:5)
  A troll (D:10)
  A hippogriff (D:8)
  12 yaks
  A wyvern (D:10)
  A hungry ghost (D:8)
  2 soldier ants (D:8)
  A porcupine (D:9)
  2 ice beasts
  2 orc warriors (D:9)
  4 ogres
  2 black bears
  A phantom (D:7)
  5 centaurs
  A necrophage (D:7)
  A crocodile (D:9)
  A wyvern zombie (D:8)
  5 bullfrogs
  2 scorpions
  9 killer bees (D:10)
  A howler monkey (D:6)
  3 jellies
  3 crimson imps
  3 hounds
  2 quasits
  2 orc priests (D:3)
  6 orc wizards
  2 iguanas
  A bullfrog skeleton (D:5)
  Natasha (D:2)
  9 worker ants
  A hound skeleton (D:4)
  A howler monkey zombie (D:5)
  3 worker ant zombies
  8 gnolls
  2 howler monkey skeletons (D:5)
  9 adders
  2 shadow imps (D:5)
  An ooze (D:3)
  A worm (D:8)
  4 dart slugs
  7 leopard geckos
  40 orcs
  2 ball pythons
  8 bats
  5 giant cockroaches
  3 hobgoblins
  13 jackals
  9 kobolds
  8 quokkas
  9 frilled lizards
  3 goblins
  10 rats
  A fungus (D:9)
238 creatures vanquished.

Vanquished Creatures (others)
  A jackal (D:5)
1 creature vanquished.

Grand Total: 239 creatures vanquished

Notes
Turn   | Place    | Note
-------+----------+-------------------------------------------
     0 | D:1      | tilp the Kobold Arcane Marksman began the quest for the
                  | Orb.
     0 | D:1      | Reached XP level 1. HP: 12/12 MP: 2/2
   155 | D:1      | Reached skill level 3 in Crossbows
   172 | D:1      | Reached XP level 2. HP: 16/16 MP: 3/3
   975 | D:1      | Reached skill level 4 in Crossbows
   975 | D:1      | Reached XP level 3. HP: 18/20 MP: 4/4
  1741 | D:2      | Found a hazy altar of Hepliaklqana.
  2021 | D:2      | Reached XP level 4. HP: 25/25 MP: 5/5
  2139 | D:2      | Noticed Natasha
  2142 | D:2      | Killed Natasha
  2142 | D:2      | Reached skill level 5 in Crossbows
  2360 | D:2      | Found an opulent altar of Gozag.
  2585 | D:3      | Learned a level 2 spell: Slow
  2937 | D:3      | Reached XP level 5. HP: 29/29 MP: 3/6
  3028 | D:3      | Reached skill level 6 in Crossbows
  3328 | D:3      | Found a stormy altar of Qazlal.
  3483 | D:3      | Found a glowing silver altar of Zin.
  3483 | D:3      | Found a faded altar of an unknown god.
  3488 | D:3      | Found a hide-covered altar of Uskayaw.
  3495 | D:3      | Found a snail-covered altar of Cheibriados.
  3499 | D:3      | Found a shattered altar of Ashenzari.
  3652 | D:3      | Reached XP level 6. HP: 19/36 MP: 7/7
  4685 | D:4      | Found an iron altar of Okawaru.
  4690 | D:4      | Became a worshipper of Warmaster Okawaru
  4810 | D:4      | Reached XP level 7. HP: 39/43 MP: 8/10
  5057 | D:4      | Found a runed translucent gate.
  5057 | D:4      | Found a runed translucent gate.
  5057 | D:4      | Found a runed translucent gate.
  5057 | D:4      | Noticed Topotin's ghost (amateur GrFi)
  5296 | D:5      | Entered Level 5 of the Dungeon
  5685 | D:5      | Reached skill level 5 in Hexes
  6230 | D:5      | Learned a level 3 spell: Portal Projectile
  6235 | D:5      | Learned a level 4 spell: Cause Fear
  6748 | D:6      | Reached XP level 8. HP: 40/48 MP: 11/11
  6799 | D:6      | Noticed Sigmund
  6893 | D:6      | Noticed Edmund
  7017 | D:6      | Noticed Maggie
  7035 | D:5      | Killed Maggie
  7035 | D:5      | Reached * piety under Okawaru
  7279 | D:6      | Reached skill level 1 in Invocations
  8468 | D:7      | Reached skill level 5 in Invocations
  8468 | D:7      | Reached XP level 9. HP: 42/52 MP: 10/13
  8608 | D:7      | Found a staircase to the Ecumenical Temple.
  8642 | D:7      | Found an ornate altar of the Wu Jian Council.
  8689 | D:7      | Reached ** piety under Okawaru
  8689 | D:7      | Reached skill level 1 in Stealth
  9631 | D:7      | Reached skill level 5 in Fighting
 10254 | D:8      | Reached skill level 5 in Dodging
 10525 | D:8      | Reached *** piety under Okawaru
 10577 | D:8      | Reached XP level 10. HP: 60/60 MP: 14/14
 10587 | D:8      | Reached skill level 7 in Crossbows
 10591 | D:8      | Reached skill level 8 in Crossbows
 10769 | D:8      | Reached skill level 9 in Crossbows
 11652 | D:9      | Found a staircase to the Orcish Mines.
 11701 | D:9      | Reached skill level 10 in Crossbows
 11827 | D:9      | Reached **** piety under Okawaru
 11827 | D:9      | Received a gift from Okawaru
 11827 | D:9      | Reached skill level 1 in Evocations
 11915 | D:9      | Found a white marble altar of Elyvilon.
 12008 | D:9      | Found Ehuenit's Magic Scroll Boutique.
 12472 | D:9      | Found a shimmering blue altar of Sif Muna.
 12577 | D:9      | Identified Sif Muna's Compendium of Benedictions
 12626 | D:9      | Found a staircase to the Lair.
 12651 | D:10     | Entered Level 10 of the Dungeon
 13139 | D:10     | Reached XP level 11. HP: 64/64 MP: 11/16
 13626 | D:10     | HP: 1/64 [basilisk (3)]
 13627 | D:10     | Mangled by a crocodile

Levels and vault maps discovered:
D:1:      psy_arrival_spokes, layout_basic
D:2:      layout_basic, nicolae_gozag_seed_capital, lemuel_round_altar,
          kennysheep_cluttered_room, uniq_natasha
D:3:      minmay_razor_zed, layout_rooms, chequers_temple_overflow_minitemple,
          grunt_ministairs_6, minivault_14, grunt_qazlal_sundering
D:4:      layout_layer_cave, lemuel_doored_altar, gammafunk_ghost_necromancy,
          st_stairs_10, hangedman_abyss_or_decor_passed
D:5:      layout_basic, first_ration
D:6:      layout_basic, uniq_maggie, uniq_sigmund, uniq_edmund
D:7:      layout_basic, nicolae_overflow_hidden_temple,
          minmay_temple_entry_butterflies
D:8:      layout_basic, hangedman_pestilent_swarm
D:9:      layout_loops_ring, old_standard_altar, grunt_lair_entry_orc_guard_hut,
          hiddenorc1_lemuel, serial_shops, nicolae_shop_trees,
          roderic_lattice_a, led_sif_book
D:10:     layout_roguey, minmay_lizard_king

Skill      XL: |  1  2  3  4  5  6  7  8  9 10 11 |
---------------+----------------------------------+-----
Crossbows      | 3 4 5 6 10 | 10.0
Fighting       | 2 4 6 |  6.2
Spellcasting   | 2 3 4 |  4.1
Hexes          | 5 7 8 |  8.0
Invocations    | 5 6 8 |  8.0
Stealth        | 4 |  4.1
Dodging        | 6 |  6.5
Evocations     | 3 4 |  4.0

Action                   |  1- 3 |  4- 6 |  7- 9 | 10-12 || total
-------------------------+-------+-------+-------+-------++-------
Melee: Spear             |    60 |    86 |     2 |       ||   148
       War axe           |       |       |   176 |   211 ||   387
       Punch             |       |       |       |     2 ||     2
 Fire: Hand crossbow     |    33 |   100 |   153 |    96 ||   382
Throw: Dart              |       |       |       |     3 ||     3
 Cast: Corona            |    13 |    13 |    12 |     4 ||    42
       Slow              |       |     5 |    14 |     9 ||    28
       Portal Projectile |       |       |       |     2 ||     2
Invok: Heroism           |       |       |     2 |     7 ||     9
  Use: Scroll            |     3 |     5 |     5 |     7 ||    20
       Potion            |       |       |       |     1 ||     1
 Stab: Sleeping          |     1 |       |       |     4 ||     5
       Distracted        |       |       |     1 |       ||     1
  Eat: Chunk             |    11 |    11 |    18 |    20 ||    60
Armor: Robe              |     8 |       |       |       ||     8
       Leather armour    |     9 |    23 |    13 |       ||    45
       Steam dragon scal |       |       |    32 |    72 ||   104
Dodge: Dodged            |    48 |    94 |   175 |   342 ||   659

Table legend:
 A = Non-vault XP
 B = Vault XP
 C = Vault XP percentage of total XP
 D = Non-vault monster count
 E = Vault monster count
 F = Vault count percentage of total count
                 A         B        C        D         E       F
            +---------+---------+-------+---------+---------+-------
      Total |    7877 |    1697 |  17.7 |     189 |      48 |  20.3
            +---------+---------+-------+---------+---------+-------
        D:1 |      33 |       0 |   0.0 |      20 |       0 |   0.0
        D:2 |      47 |      35 |  42.7 |      19 |       1 |   5.0
        D:3 |     210 |      56 |  21.1 |      20 |      14 |  41.2
        D:4 |     190 |       0 |   0.0 |      15 |       0 |   0.0
        D:5 |     292 |     379 |  56.5 |      16 |       1 |   5.9
        D:6 |     513 |       0 |   0.0 |      23 |       0 |   0.0
        D:7 |    1059 |       0 |   0.0 |      20 |       0 |   0.0
        D:8 |    2382 |     344 |  12.6 |      18 |       4 |  18.2
        D:9 |     251 |     839 |  77.0 |      13 |      24 |  64.9
       D:10 |    2900 |      44 |   1.5 |      25 |       4 |  13.8
            +---------+---------+-------+---------+---------+-------
